 Dungeon Sprint DCSS version 0.26-a0-660-gc07710193c (webtiles) character file.

Game seed: 14024201743920530406

2332 olmar the Basher (level 9, -6/78 HPs)
             Began as a Vine Stalker Fighter on Oct 7, 2020.
             Was an Initiate of Gozag.
             Mangled by a merfolk impaler
             ... wielding a +1 trident of venom
              (9 damage)
             ... in the Dungeon (Sprint VII: "The Pits").
             The game lasted 00:07:46 (1523 turns).

olmar the Basher (Vine Stalker Fighter)             Turns: 1523, Time: 00:07:47

Health: -6/78      AC: 11    Str: 27    XL:     9   Next: 42%
Magic:  0/10       EV: 11    Int:  8    God:    Gozag
Gold:   712        SH: 13    Dex: 15    Spells: 8/8 levels left

rFire    . . .     SeeInvis .   j - +2 mace
rCold    . . .     Faith    .   c - +0 kite shield
rNeg     . . .     Spirit   +   q - +5 ring mail
rPois    .         Reflect  .   (no helmet)
rElec    .         Harm     .   (no cloak)
rCorr    .         Rampage  .   (no gloves)
MR       +....     NoTele   +   (no boots)
Stlth    ..........             (no amulet)
HPRegen  0.63/turn              b - +3 ring of strength
MPRegen  0.12/turn              d - +3 ring of strength

@: berserking, lethally poisoned (-6 -> -24), gold aura, stab, very slightly
contaminated, invisible, very quick
A: fangs 3, regeneration 1, magic shield, antimagic bite, no potion heal 3, rot
immunity
a: Potion Petition, Call Merchant, Bribe Branch, Renounce Religion


You were in the Dungeon.
You worshipped Gozag.
Gozag was pleased with you.
You visited 1 branch You collected 1737 gold pieces.
You paid 1025 gold pieces to Gozag.

Inventory:

Hand Weapons
 a - a +0 flail of protection
 j - a +2 mace (weapon)
 t - a +2 rapier of electrocution
 u - a +2 dire flail of protection
Armour
 c - a +0 kite shield (worn)
 o - a +3 chain mail
 q - a +5 ring mail (worn)
 r - a +0 cloak
 s - a +0 pair of gloves
Jewellery
 b - a +3 ring of strength (left hand)
 d - a +3 ring of strength (right hand)
Scrolls
 i - a scroll of blinking
 l - 3 scrolls of remove curse
 m - 5 scrolls of amnesia
 n - a scroll of summoning
Potions
 e - 7 potions of curing
 f - a potion of haste
 g - 4 potions of magic
 h - 2 potions of berserk rage
 p - 5 potions of mutation
 v - a potion of stabbing


   Skills:
 + Level 8.4 Fighting
 + Level 12.0 Maces & Flails
 + Level 8.0 Armour
 + Level 3.0 Dodging
 + Level 9.7 Shields


You had 8 spell levels left.
You didn't know any spells.
Your spell library was empty.

Dungeon Overview and Level Annotations

Branches:
Dungeon (1/1)

Altars:
Ashenzari
Cheibriados
Dithmenos
Elyvilon
Fedhas
Gozag
Hepliaklqana
Kikubaaqudgha
Makhleb
Nemelex Xobeh
Okawaru
Qazlal
Ru
Sif Muna
Trog
Uskayaw
Vehumet
Wu Jian
Xom
Yredelemnul
Zin
The Shining One
Beogh
Jiyva
Lugonu

Shops:
D (


Innate Abilities, Weirdness & Mutations

You have razor-sharp teeth.
Your natural rate of healing is unusually fast.
When hurt, damage is shared between your health and your magic reserves.
Your bite disrupts and absorbs the magic of your enemies.
Potions cannot restore your health.
You are immune to rotting.


Message History

The molten gargoyle hits you but does no damage.
Things that are here:
63 gold pieces; a +0 trident Unknown command.
Unknown command.
The helpless merfolk impaler fails to defend itself.
You hit the merfolk impaler. Your bite misses the merfolk impaler.
The merfolk impaler is heavily wounded.
* * * LOW HITPOINT WARNING * * *
You feel sick.
The merfolk impaler hits you with a +1 trident of venom.
* * * LOW HITPOINT WARNING * * *
You are more poisoned.
You miss the merfolk impaler.
The merfolk impaler is heavily wounded.
* * * LOW HITPOINT WARNING * * *
You feel sick. The molten gargoyle barely misses you.
The merfolk impaler hits you with a +1 trident of venom!
You die...
Your body crumbles into a pile of gold.

$$ ############
#_________.# #_________.#
#_______...###########++###
##########'##..............
#.?(.')))'.##......#..#....
##########@##..............
#.[...[.)m.9lm.............
#'#####'#####......#..#....
#.#[.#.[...##..............
#.#))#####)#####'#####''###
#.#))#...).##.......##+'#
#.#).#.....##.......##..##
#.#!t###'####.......##m..##
#.##+#..)..##...<...###m..#


You could see a merfolk impaler, a merfolk, a molten gargoyle and a frilled
lizard.

Vanquished Creatures
  Erica (D)
  A flayed ghost (D)
  A troll (D)
  A merfolk (D)
  A wyvern (D)
  A warg (D)
  Menkaure (D)
  A water moccasin (D)
  A phantom (D)
  A big kobold (D)
  A quasit (D)
  An iguana (D)
  A mummy (D)
  A gnoll (D)
  An adder (D)
  An adder skeleton (D)
  2 leopard geckos (D)
  4 orcs (D)
  2 bats (D)
  A goblin (D)
  A quokka (D)
  2 ball pythons (D)
  A jackal zombie (D)
  A kobold (D)
30 creatures vanquished.

Notes
Turn   | Place    | Note
-------+----------+-------------------------------------------
     0 | D        | olmar the Vine Stalker Fighter began the quest for the Orb.
     0 | D        | Reached XP level 1. HP: 11/11 MP: 2/2
    46 | D        | Found a glowing golden altar of the Shining One.
    46 | D        | Found a glowing silver altar of Zin.
    46 | D        | Found a basalt altar of Yredelemnul.
    46 | D        | Found a shimmering altar of Xom.
    46 | D        | Found an ornate altar of the Wu Jian Council.
    46 | D        | Found a bloodstained altar of Trog.
    46 | D        | Found a shimmering blue altar of Sif Muna.
    46 | D        | Found a sacrificial altar of Ru.
    46 | D        | Found a stormy altar of Qazlal.
    46 | D        | Found an iron altar of Okawaru.
    46 | D        | Found a sparkling altar of Nemelex Xobeh.
    46 | D        | Found a burning altar of Makhleb.
    46 | D        | Found a viscous altar of Jiyva.
    46 | D        | Found a hazy altar of Hepliaklqana.
    46 | D        | Found an opulent altar of Gozag.
    46 | D        | Found a blossoming altar of Fedhas.
    46 | D        | Found a white marble altar of Elyvilon.
    46 | D        | Found a shadowy altar of Dithmenos.
    46 | D        | Found a snail-covered altar of Cheibriados.
    47 | D        | Found a radiant altar of Vehumet.
    47 | D        | Found a corrupted altar of Lugonu.
    47 | D        | Found a roughly hewn altar of Beogh.
    48 | D        | Found an ancient bone altar of Kikubaaqudgha.
    48 | D        | Found a hide-covered altar of Uskayaw.
    48 | D        | Found a broken altar of Ashenzari.
    50 | D        | Became a worshipper of Gozag Ym Sagoz the Greedy
    75 | D        | Reached skill level 2 in Maces & Flails
    75 | D        | Reached XP level 2. HP: 15/16 MP: 3/3
   137 | D        | Reached XP level 3. HP: 21/21 MP: 4/4
   219 | D        | Noticed Menkaure
   221 | D        | Noticed a warg
   362 | D        | Reached skill level 3 in Maces & Flails
   362 | D        | Gained mutation: Your natural rate of healing is unusually
                  | fast. [Vine Stalker growth]
   362 | D        | Reached XP level 4. HP: 9/25 MP: 5/5
   390 | D        | Killed a warg
   390 | D        | Reached skill level 5 in Fighting
   390 | D        | Reached skill level 5 in Maces & Flails
   390 | D        | Reached skill level 5 in Armour
   390 | D        | Reached skill level 1 in Dodging
   390 | D        | Reached skill level 5 in Shields
   390 | D        | Reached XP level 5. HP: 21/30 MP: 6/6
   479 | D        | Killed Menkaure
   479 | D        | Reached skill level 6 in Maces & Flails
   479 | D        | Reached XP level 6. HP: 25/36 MP: 7/7
   560 | D        | Reached skill level 7 in Maces & Flails
   563 | D        | Noticed a tyrant leech
   663 | D        | Noticed a phantom
   663 | D        | Noticed a water moccasin
   675 | D        | Killed a water moccasin
   675 | D        | Reached skill level 8 in Maces & Flails
   675 | D        | Reached XP level 7. HP: 36/40 MP: 6/8
   696 | D        | Noticed a troll
   696 | D        | Noticed a wyvern
   705 | D        | Killed a wyvern
   705 | D        | Reached skill level 9 in Maces & Flails
   713 | D        | Killed a troll
   713 | D        | Reached skill level 10 in Maces & Flails
   713 | D        | Gained mutation: You have razor-sharp teeth. [Vine Stalker
                  | growth]
   713 | D        | Reached XP level 8. HP: 45/45 MP: 9/9
  1126 | D        | Noticed a flayed ghost
  1152 | D        | Killed a flayed ghost
  1152 | D        | Reached skill level 11 in Maces & Flails
  1294 | D        | Noticed a snapping turtle
  1295 | D        | Noticed Erica
  1326 | D        | HP: 2/46 [snapping turtle (13)]
  1412 | D        | Killed Erica
  1412 | D        | Reached XP level 9. HP: 51/51 MP: 10/10
  1478 | D        | Noticed a molten gargoyle
  1478 | D        | Noticed a merfolk impaler
  1478 | D        | Noticed a merfolk
  1479 | D        | Noticed a merfolk
  1520 | D        | Killed a merfolk
  1520 | D        | Reached skill level 12 in Maces & Flails
  1523 | D        | HP: 3/78 [poisoned by a merfolk impaler]
  1523 | D        | Mangled by a merfolk impaler

Illustrated notes

Levels and vault maps discovered:
D:        pitsprint [storerooms_1, entrance_room_1, metal_vault_5, armoury_2,
          mini_pit_1, grid_room_1, main_hall_1, silver_pit, the_coven_2,
          the_vestibule_1, steel_vault_5, golden_pit, hallway_of_sentries,
          crystal_vault_4, iron_vault_4, final_vault]

Skill      XL: |  1  2  3  4  5  6  7  8  9 |
---------------+----------------------------+-----
Fighting       | 3 4 5 6 8 |  8.4
Maces & Flails | 2 3 5 6 8 10 11 12 | 12.0
Armour         | 3 4 5 6 7 8 |  8.0
Shields        | 3 4 5 6 7 8 9 |  9.7
Dodging        | 1 2 3 |  3.0

Action                   |  1- 3 |  4- 6 |  7- 9 || total
-------------------------+-------+-------+-------++-------
Melee: Mace              |    35 |    42 |    91 ||   168
       Flail             |     5 |       |       ||     5
       Bite              |     8 |    17 |    30 ||    55
Invok: Call Merchant     |       |       |     1 ||     1
       Potion Petition   |       |       |     1 ||     1
  Use: Potion            |     1 |     3 |     3 ||     7
 Stab: Distracted        |       |       |     2 ||     2
       Sleeping          |       |       |     6 ||     6
Armor: Scale mail        |     8 |       |       ||     8
       Chain mail        |    13 |    14 |     5 ||    32
       Ring mail         |       |       |     9 ||     9
Dodge: Dodged            |    10 |    12 |    16 ||    38
Block: Kite shield       |    25 |    21 |    31 ||    77

Table legend: (Time is in decaauts)
 A = Elapsed time spent in this place.
 B = Non-inter-level travel time spent in this place.
 C = Inter-level travel time spent in this place.
 D = Time resting spent in this place.
 E = Time spent auto-exploring this place.
 F = Levels seen in this place.
 G = Mean time per level.
                   A        B        C        D        E       F      G
               +--------+--------+--------+--------+--------+-----+--------+
         Total |   1565 |   1565 |      0 |    560 |     22 |   1 | 1565.0 |
       Dungeon |   1565 |   1565 |      0 |    560 |     22 |   1 | 1565.0 |
               +--------+--------+--------+--------+--------+-----+--------+

Top non-repeatable levels by time:
       D: 1565 daAuts
